TOP OF THE 1ST |
Pawtucket Red Sox batting - Pitching for Columbus Clippers : RHP Roberto Reyes
|
Pitching: RHP Roberto Reyes
|
|
Batting: SHB Ben Ervin
|
0-0: Swinging Strike 0-1: Ball 1-1: Swinging Strike 1-2: Strikes out looking
|
Batting: RHB Dave Burwell
|
0-0: Fly out, F9 (Flyball, 9, EV 77.5 MPH)
|
Batting: RHB Jose Diaz
|
0-0: Ball 1-0: Called Strike 1-1: Ball 2-1: Ball 3-1: SINGLE (Groundball, 34, EV 100.0 MPH)
|
Batting: RHB Rodolfo Contreras
|
0-0: Called Strike 0-1: Ball 1-1: Ball 2-1: Ball 3-1: Base on Balls Jose Diaz to second
|
Batting: RHB Brandon Perris
|
0-0: Called Strike 0-1: SINGLE (Line Drive, 6MD, EV 97.5 MPH) Jose Diaz to third Rodolfo Contreras to second Runner from 3rd tries for Home, SAFE, throw by CF to home
|
Batting: LHB Frank Olivo
|
0-0: Called Strike 0-1: Ball 1-1: SINGLE (Line Drive, 7S, EV 113.1 MPH) Rodolfo Contreras to third Brandon Perris to second Runner from 3rd tries for Home, throw by LF and OUT! 7-2
|
Top of the 1st over - 1 run, 3 hits, 0 errors, 2 left on base; Pawtucket 1 - Columbus 0 |
BOTTOM OF THE 1ST |
Columbus Clippers batting - Pitching for Pawtucket Red Sox : RHP Justin Stinson
|
Pitching: RHP Justin Stinson
|
|
Batting: RHB Chang-wei Jiang
|
0-0: Ground out 5-3 (Groundball, 56S, EV 76.2 MPH)
|
Batting: LHB Stu Sornson
|
0-0: DOUBLE (Line Drive, 78M, EV 102.5 MPH)
|
Batting: LHB Danny Dunham
|
0-0: Hit by Pitch
|
Batting: LHB Jesus Lozano
|
0-0: Ball 1-0: Foul Ball, location: 2F 1-1: Ground out 3-1 (Groundball, 34S, EV 70.6 MPH) Stu Sornson to third Danny Dunham to second
|
Batting: RHB Josh Hoeye
|
0-0: Called Strike 0-1: Ball 1-1: Foul Ball, location: 2F 1-2: Ball 2-2: Ball 3-2: Fly out, F8 (Flyball, 8RXD, EV 101.9 MPH)
|
Bottom of the 1st over - 0 runs, 1 hit, 0 errors, 2 left on base; Pawtucket 1 - Columbus 0 |
TOP OF THE 2ND |
Pawtucket Red Sox batting - Pitching for Columbus Clippers : RHP Roberto Reyes
|
Batting: RHB Sal Rivera
|
0-0: Ball 1-0: Called Strike 1-1: Ball 2-1: Ball 3-1: Swinging Strike 3-2: Base on Balls
|
Batting: RHB Neil Mautone
|
0-0: Ball 1-0: Ball 2-0: Ball 3-0: Base on Balls Sal Rivera to second
|
Batting: RHB Joe Evrard
|
0-0: Swinging Strike 0-1: Called Strike 0-2: Strikes out swinging
|
Batting: SHB Ben Ervin
|
0-0: Ball 1-0: Called Strike 1-1: Ball 2-1: Fly out, F8 (Flyball, 8RD, EV 104.4 MPH) Runner from 2nd tags up, SAFE at 3rd with throw by CF
|
Batting: RHB Dave Burwell
|
0-0: Ball 1-0: Ball 2-0: Ground out 4-3 (Groundball, 4, EV 106.2 MPH)
|
Top of the 2nd over - 0 runs, 0 hits, 0 errors, 2 left on base; Pawtucket 1 - Columbus 0 |
BOTTOM OF THE 2ND |
Columbus Clippers batting - Pitching for Pawtucket Red Sox : RHP Justin Stinson
|
Batting: LHB Corey Trevor
|
0-0: Called Strike 0-1: Called Strike 0-2: Foul Ball, location: 2F 0-2: Ball 1-2: Ball 2-2: Foul Ball, location: 2F 2-2: Foul Ball, location: 2F 2-2: Fly out, F9 (Flyball, 9S, EV 95.0 MPH)
|
Batting: RHB Stephen Charbonneau
|
0-0: Bunt for hit to 15 - play at first, batter OUT! 1-3
|
Batting: SHB Scott Scott
|
0-0: Foul Ball, location: 2F 0-1: Ball 1-1: Ball 2-1: Fly out, F7 (Flyball, 7LM, EV 95.0 MPH)
|
Bottom of the 2nd over - 0 runs, 0 hits, 0 errors, 0 left on base; Pawtucket 1 - Columbus 0 |
TOP OF THE 3RD |
Pawtucket Red Sox batting - Pitching for Columbus Clippers : RHP Roberto Reyes
|
Batting: RHB Jose Diaz
|
0-0: Foul Ball, location: 2F 0-1: Ball 1-1: Ball 2-1: Ball 3-1: Foul Ball, location: 2F 3-2: Foul Ball, location: 2F 3-2: Base on Balls
|
Batting: RHB Rodolfo Contreras
|
0-0: Ball 1-0: Ball 2-0: Foul Ball, location: 2F 2-1: Ball Pickoff Throw to First - Out! 1-3 3-1: Foul Ball, location: 2F 3-2: Foul Ball, location: 2F 3-2: DOUBLE (Flyball, 8RXD, EV 108.8 MPH)
|
Batting: RHB Brandon Perris
|
0-0: Ball 1-0: Ground out 6-3 (Groundball, 56D, EV 90.0 MPH)
|
Batting: LHB Frank Olivo
|
0-0: Hit by Pitch
|
Batting: RHB Sal Rivera
|
0-0: Ball 1-0: Called Strike 1-1: Ball 2-1: Foul Ball, location: 2F 2-2: Strikes out swinging
|
Top of the 3rd over - 0 runs, 1 hit, 0 errors, 2 left on base; Pawtucket 1 - Columbus 0 |
BOTTOM OF THE 3RD |
Columbus Clippers batting - Pitching for Pawtucket Red Sox : RHP Justin Stinson
|
Batting: SHB Dan Hill
|
0-0: Ball 1-0: Ball 2-0: Ball 3-0: Called Strike 3-1: Swinging Strike 3-2: Strikes out swinging
|
Batting: RHB Chang-wei Jiang
|
0-0: Called Strike 0-1: Ball 1-1: Ball 2-1: Swinging Strike 2-2: Fly out, F6 (Line Drive, 6, EV 67.5 MPH)
|
Batting: LHB Stu Sornson
|
0-0: Swinging Strike 0-1: Called Strike 0-2: Ball 1-2: Foul Ball, location: 2F 1-2: Strikes out swinging
|
Bottom of the 3rd over - 0 runs, 0 hits, 0 errors, 0 left on base; Pawtucket 1 - Columbus 0 |
TOP OF THE 4TH |
Pawtucket Red Sox batting - Pitching for Columbus Clippers : RHP Roberto Reyes
|
Batting: RHB Neil Mautone
|
0-0: Ball 1-0: Ball 2-0: Ball 3-0: Foul Ball, location: 2F 3-1: Foul Ball, location: 2F 3-2: Strikes out swinging
|
Batting: RHB Joe Evrard
|
0-0: Ball 1-0: Foul Ball, location: 2F 1-1: Ball 2-1: Ball 3-1: SINGLE (Groundball, 6MD, EV 106.9 MPH)
|
Batting: SHB Ben Ervin
|
0-0: 2-RUN HOME RUN (Line Drive, 9D, EV 98.1 MPH), Distance : 404 ft
|
Batting: RHB Dave Burwell
|
0-0: Called Strike 0-1: Ground out 1-3 (Groundball, 15, EV 67.5 MPH)
|
Batting: RHB Jose Diaz
|
0-0: Ball 1-0: Called Strike 1-1: Fly out, F7 (Flyball, 7, EV 90.6 MPH)
|
Top of the 4th over - 2 runs, 2 hits, 0 errors, 0 left on base; Pawtucket 3 - Columbus 0 |
BOTTOM OF THE 4TH |
Columbus Clippers batting - Pitching for Pawtucket Red Sox : RHP Justin Stinson
|
Batting: LHB Danny Dunham
|
0-0: Ground out 5-3 (Groundball, 5, EV 83.8 MPH)
|
Batting: LHB Jesus Lozano
|
0-0: Ball 1-0: Ball 2-0: Foul Ball, location: 2F 2-1: Ball 3-1: Called Strike 3-2: Fly out, F8 (Flyball, 8RM, EV 93.8 MPH)
|
Batting: RHB Josh Hoeye
|
0-0: SINGLE (Groundball, 6MD, EV 95.0 MPH)
|
Batting: LHB Corey Trevor
|
0-0: Ball Josh Hoeye steals 2nd base 1-0: Foul Ball, location: 2F 1-1: Called Strike 1-2: Reached on error, E3 (Groundball, 34, EV 98.1 MPH) Josh Hoeye to third
|
Batting: RHB Stephen Charbonneau
|
0-0: Ball 1-0: Called Strike 1-1: Foul Ball, location: 2F 1-2: Foul Ball, location: 2F 1-2: Ball 2-2: Strikes out swinging
|
Bottom of the 4th over - 0 runs, 1 hit, 1 error, 2 left on base; Pawtucket 3 - Columbus 0 |
TOP OF THE 5TH |
Pawtucket Red Sox batting - Pitching for Columbus Clippers : RHP Roberto Reyes
|
Batting: RHB Rodolfo Contreras
|
0-0: Foul Ball, location: 2F 0-1: Ball 1-1: Swinging Strike 1-2: Foul Ball, location: 2F 1-2: Ball 2-2: SINGLE (Groundball, 6MS, EV 71.2 MPH) (infield hit)
|
Batting: RHB Brandon Perris
|
0-0: Ball 1-0: Called Strike 1-1: Ground out 6-3 (Groundball, 56D, EV 96.2 MPH) Rodolfo Contreras to second
|
Batting: LHB Frank Olivo
|
0-0: Ball Rodolfo Contreras steals 3rd base 1-0: Called Strike 1-1: Foul Ball, location: 2F 1-2: Fly out, F9 (Flyball, 9LM, EV 99.4 MPH) Runner from 3rd tags up, SCORES, throw by RF
|
Batting: RHB Sal Rivera
|
0-0: Fly out, F8 (Flyball, 8RM, EV 85.6 MPH)
|
Top of the 5th over - 1 run, 1 hit, 0 errors, 0 left on base; Pawtucket 4 - Columbus 0 |
BOTTOM OF THE 5TH |
Columbus Clippers batting - Pitching for Pawtucket Red Sox : RHP Justin Stinson
|
Batting: SHB Scott Scott
|
0-0: Foul Ball, location: 2F 0-1: Foul Ball, location: 2F 0-2: Ball 1-2: Ball 2-2: Ground out 6-3 (Groundball, 4MD, EV 101.2 MPH)
|
Batting: SHB Dan Hill
|
0-0: Called Strike 0-1: Fly out, F6 (Popup, 6MD, EV 46.9 MPH)
|
Batting: RHB Chang-wei Jiang
|
0-0: Foul Ball, location: 2F 0-1: Ball 1-1: SOLO HOME RUN (Flyball, 78XD, EV 106.9 MPH), Distance : 416 ft
|
Batting: LHB Stu Sornson
|
0-0: Called Strike 0-1: Ball 1-1: Swinging Strike 1-2: Ball 2-2: Foul Ball, location: 2F 2-2: Ball 3-2: Foul Ball, location: 2F 3-2: Foul Ball, location: 2F 3-2: Ground out 4-3 (Groundball, 4, EV 80.6 MPH)
|
Bottom of the 5th over - 1 run, 1 hit, 0 errors, 0 left on base; Pawtucket 4 - Columbus 1 |
TOP OF THE 6TH |
Pawtucket Red Sox batting - Pitching for Columbus Clippers : RHP Roberto Reyes
|
Batting: RHB Neil Mautone
|
0-0: Called Strike 0-1: Foul Ball, location: 2F 0-2: Ball 1-2: Ball 2-2: Foul Ball, location: 2F 2-2: Strikes out looking
|
Pitching: LHP Jason Breeden
|
|
Batting: RHB Joe Evrard
|
0-0: Foul Ball, location: 2F 0-1: Swinging Strike 0-2: Ground out 1-3 (Groundball, 13S, EV 73.1 MPH)
|
Batting: SHB Ben Ervin
|
0-0: Foul Ball, location: 2F 0-1: Ball 1-1: Fly out, F4 (Popup, 4, EV 50.0 MPH)
|
Top of the 6th over - 0 runs, 0 hits, 0 errors, 0 left on base; Pawtucket 4 - Columbus 1 |
BOTTOM OF THE 6TH |
Columbus Clippers batting - Pitching for Pawtucket Red Sox : RHP Justin Stinson
|
Batting: LHB Danny Dunham
|
0-0: Ball 1-0: Called Strike 1-1: Called Strike 1-2: DOUBLE (Flyball, 89D, EV 102.5 MPH)
|
Batting: LHB Jesus Lozano
|
0-0: Ball 1-0: Called Strike 1-1: Ball 2-1: Called Strike 2-2: Strikes out looking
|
Batting: RHB Josh Hoeye
|
0-0: Ball 1-0: Ball 2-0: Ball 3-0: Base on Balls
|
Batting: LHB Corey Trevor
|
0-0: Ball 1-0: Ball 2-0: Reached on error, E4 (Groundball, 34, EV 88.1 MPH) Danny Dunham to third Josh Hoeye to second
|
Batting: RHB Stephen Charbonneau
|
0-0: Called Strike 0-1: Swinging Strike 0-2: Ball 1-2: Ball 2-2: Strikes out swinging
|
Batting: SHB Scott Scott
|
0-0: Called Strike 0-1: Foul Ball, location: 2F 0-2: Ball 1-2: Foul Ball, location: 2F 1-2: Strikes out looking
|
Bottom of the 6th over - 0 runs, 1 hit, 1 error, 3 left on base; Pawtucket 4 - Columbus 1 |
TOP OF THE 7TH |
Pawtucket Red Sox batting - Pitching for Columbus Clippers : LHP Jason Breeden
|
Batting: RHB Dave Burwell
|
0-0: Called Strike 0-1: Ball 1-1: Foul Ball, location: 2F 1-2: Ball 2-2: Strikes out swinging
|
Batting: RHB Jose Diaz
|
0-0: Fly out, F9 (Line Drive, 9S, EV 108.8 MPH)
|
Batting: RHB Rodolfo Contreras
|
0-0: Foul Ball, location: 2F 0-1: Ball 1-1: Ball 2-1: Called Strike 2-2: Foul Ball, location: 2F 2-2: Foul Ball, location: 2F 2-2: Ball 3-2: Fly out, F8 (Flyball, 8RS, EV 77.5 MPH)
|
Top of the 7th over - 0 runs, 0 hits, 0 errors, 0 left on base; Pawtucket 4 - Columbus 1 |
BOTTOM OF THE 7TH |
Columbus Clippers batting - Pitching for Pawtucket Red Sox : RHP Justin Stinson
|
Pitching: RHP Jose Escobar
|
|
Batting: SHB Dan Hill
|
0-0: Ball 1-0: Called Strike 1-1: Foul Ball, location: 2F 1-2: Ball 2-2: Ball 3-2: Strikes out swinging, 2-3 out at first.
|
Batting: RHB Chang-wei Jiang
|
0-0: Ball 1-0: Swinging Strike 1-1: Swinging Strike 1-2: Strikes out looking
|
Batting: LHB Stu Sornson
|
0-0: Ball 1-0: Ball 2-0: Ball 3-0: Called Strike 3-1: Base on Balls
|
Batting: LHB Danny Dunham
|
0-0: SINGLE (Flyball, 78S, EV 90.6 MPH) Stu Sornson to second
|
Batting: LHB Jesus Lozano
|
0-0: Ball 1-0: Ball 2-0: Ball 3-0: Base on Balls Stu Sornson to third Danny Dunham to second
|
Batting: LHB Justin Barker
|
0-0: Ball 1-0: Ball 2-0: Ball 3-0: Called Strike 3-1: Base on Balls Stu Sornson scores Danny Dunham to third Jesus Lozano to second
|
Batting: LHB Corey Trevor
|
0-0: Called Strike 0-1: Ball 1-1: Ball 2-1: Ball 3-1: SINGLE (Groundball, 4M, EV 99.4 MPH) (infield hit) Danny Dunham scores Jesus Lozano to third Justin Barker to second
|
Pinch Hitting: LHB Gabe White
|
0-0: Ball 1-0: Fly out, F7 (Flyball, 7LS, EV 75.0 MPH)
|
Bottom of the 7th over - 2 runs, 2 hits, 0 errors, 3 left on base; Pawtucket 4 - Columbus 3 |
TOP OF THE 8TH |
Pawtucket Red Sox batting - Pitching for Columbus Clippers : LHP Jason Breeden
|
Now at SS: Jason Sher
|
|
Batting: RHB Brandon Perris
|
0-0: Ground out 4-3 (Groundball, 4, EV 85.0 MPH)
|
Batting: RHB John Chiesa
|
0-0: Ball 1-0: Swinging Strike 1-1: Ball 2-1: Ball 3-1: Base on Balls
|
Batting: RHB Sal Rivera
|
0-0: Fly out, F8 (Flyball, 8LD, EV 90.6 MPH)
|
Batting: RHB Neil Mautone
|
0-0: Called Strike 0-1: Ball 1-1: Called Strike 1-2: Ball 2-2: Strikes out swinging
|
Top of the 8th over - 0 runs, 0 hits, 0 errors, 1 left on base; Pawtucket 4 - Columbus 3 |
BOTTOM OF THE 8TH |
Columbus Clippers batting - Pitching for Pawtucket Red Sox : RHP Jose Escobar
|
Pitching: LHP John Hotham
|
|
Batting: SHB Scott Scott
|
0-0: Called Strike 0-1: Swinging Strike 0-2: Ball 1-2: Ball 2-2: Foul Ball, location: 2F 2-2: Ground out 4-3 (Groundball, 4MS, EV 76.2 MPH)
|
Batting: SHB Dan Hill
|
0-0: Fly out, F7 (Flyball, 7, EV 83.1 MPH)
|
Batting: RHB Chang-wei Jiang
|
0-0: Ball 1-0: Ground out 6-3 (Groundball, 56, EV 104.4 MPH)
|
Bottom of the 8th over - 0 runs, 0 hits, 0 errors, 0 left on base; Pawtucket 4 - Columbus 3 |
TOP OF THE 9TH |
Pawtucket Red Sox batting - Pitching for Columbus Clippers : LHP Jason Breeden
|
Pitching: RHP Nate Souza
|
|
Batting: RHB Joe Evrard
|
0-0: Ball 1-0: Ball 2-0: Foul Ball, location: 2F 2-1: Ball 3-1: Foul Ball, location: 2F 3-2: Foul Ball, location: 2F 3-2: Base on Balls
|
Batting: SHB Ben Ervin
|
0-0: Bunted foul 0-1: Ball 1-1: Bunt missed! 1-2: Ball 2-2: Fielders Choice at 2nd, 4-6 (Groundball, 34, EV 97.5 MPH)
|
Batting: RHB Dave Burwell
|
0-0: Called Strike 0-1: SINGLE (Line Drive, 4M, EV 99.4 MPH) Ben Ervin to second
|
Batting: RHB Jose Diaz
|
0-0: Foul Ball, location: 2F 0-1: Ball 1-1: Swinging Strike 1-2: Ball 2-2: Strikes out swinging
|
Batting: RHB Rodolfo Contreras
|
0-0: Ball 1-0: Called Strike 1-1: Hit by Pitch Ben Ervin to third Dave Burwell to second
|
Batting: RHB Brandon Perris
|
0-0: Called Strike 0-1: Ball 1-1: GRAND SLAM HOME RUN (Flyball, 7LD, EV 103.1 MPH), Distance : 370 ft
|
Pitching: RHP Ryan Southerland
|
|
Batting: RHB John Chiesa
|
0-0: Foul Ball, location: 2F 0-1: Ball 1-1: SINGLE (Groundball, 6D, EV 95.6 MPH)
|
Batting: RHB Sal Rivera
|
0-0: Called Strike 0-1: Foul Ball, location: 2F 0-2: Ground out 4-3 (Groundball, 34, EV 83.1 MPH)
|
Top of the 9th over - 4 runs, 3 hits, 0 errors, 1 left on base; Pawtucket 8 - Columbus 3 |
BOTTOM OF THE 9TH |
Columbus Clippers batting - Pitching for Pawtucket Red Sox : LHP John Hotham
|
Batting: LHB Stu Sornson
|
0-0: Called Strike 0-1: Ball 1-1: Swinging Strike 1-2: Foul Ball, location: 2F 1-2: Ball 2-2: Ball 3-2: Foul Ball, location: 2F 3-2: Base on Balls
|
Batting: LHB Danny Dunham
|
0-0: Called Strike 0-1: Foul Ball, location: 2F 0-2: Ball 1-2: Strikes out swinging
|
Pinch Hitting: RHB Eddie LaRose
|
0-0: Called Strike 0-1: Called Strike 0-2: Strikes out swinging
|
Batting: LHB Justin Barker
|
0-0: Called Strike 0-1: DOUBLE (Flyball, 8LXD, EV 108.1 MPH) Stu Sornson to third
|
Batting: LHB Corey Trevor
|
0-0: Ball 1-0: Swinging Strike 1-1: Foul Ball, location: 2F 1-2: Ball 2-2: Foul Ball, location: 2F 2-2: Strikes out swinging
|
Bottom of the 9th over - 0 runs, 1 hit, 0 errors, 2 left on base; Pawtucket 8 - Columbus 3 |
|